 Dungeon Crawl Stone Soup version 0.20.1-1-g8b1a95d (webtiles) character file.

253397 Kriby the Slayer (level 20, -7/198 HPs)
             Began as a Hill Orc Fighter on Aug 12, 2017.
             Was a High Priest of Okawaru.
             Mangled by a deep troll (22 damage)
             ... led by an ironheart preserver
             ... on level 3 of the Vaults on Aug 14, 2017.
             The game lasted 01:29:08 (43397 turns).

Kriby the Slayer (Hill Orc Fighter)                Turns: 43397, Time: 01:29:09

Health: -7/198     AC: 44    Str: 30    XL:     20   Next: 15%
Magic:  22/27      EV: 14    Int: 12    God:    Okawaru [*****.]
Gold:   367        SH:  9    Dex: 11    Spells: 19/19 levels left

rFire    + . .     SeeInvis +   Q - +6 demon blade (flame)
rCold    + + +     Gourm    .   R - +2 buckler of Taogos {Regen+ Str+2}
rNeg     + . .     Faith    .   r - +3 gold dragon scales
rPois    +         Spirit   .   V - +2 helmet {SInv}
rElec    .         Reflect  .   s - +2 cloak {MR+}
rCorr    +         Harm     .   C - +0 pair of gloves {Dex+3}
MR       ++...                  U - +4 pair of boots of the Sacrificial Victim {*Contam MR+ Int+4}
Stlth    ..........             I - amulet of Kamikan {+Inv rPois rC+++ MR- Regen+}
Regen    1.3/turn               x - ring of resist corrosion
MPRegen  0.2/turn               M - ring of positive energy

@: heroism, finesse
A: clumsy 1, mutation resistance 1
}: 1/15 runes: decaying
a: Heroism, Finesse, Renounce Religion, Evoke Invisibility


You were on level 3 of the Vaults.
You worshipped Okawaru.
Okawaru was extremely pleased with you.
You were hungry.

You visited 6 branches of the dungeon, and saw 31 of its levels.
You also visited: Labyrinth, Sewer and Volcano.

You collected 3110 gold pieces.
You spent 2743 gold pieces at shops.

Inventory:

Hand Weapons
 n - a +0 vampiric demon whip
 Q - a +6 demon blade of flaming (weapon)
 W - a +4 triple sword of freezing
 X - the +7 halberd "Spider's Bane" {protect, rElec rN+ MP+9 Str+3}
   (You found it on level 2 of the Lair of Beasts)

   It protects the one who uses it against injury (+AC on strike).
   It affects your strength (+3).
   It insulates you from electricity.
   It protects you from negative energy.
   It affects your magic capacity (+9).
Missiles
 J - 3 poisoned javelins (quivered)
Armour
 r - +3 gold dragon scales (worn)
 s - a +2 cloak of magic resistance (worn)
 C - a +0 pair of gloves of dexterity (worn)
 F - a scarf of cloud immunity
 G - a +1 cloak of invisibility
 R - the +2 buckler of Taogos (worn) {Regen+ Str+2}
   (Okawaru gifted it to you on level 15 of the Dungeon)

   It affects your strength (+2).
   It increases your rate of regeneration.
 U - the +4 pair of boots of the Sacrificial Victim (worn) {*Contam MR+ Int+4}
   (You bought it in a shop on level 2 of the Orcish Mines)

   It affects your intelligence (+4).
   It affects your resistance to hostile enchantments.
   It causes magical contamination when unequipped.
 V - a +2 helmet of see invisible (worn)
Jewellery
 x - a ring of resist corrosion (left hand)
 I - the amulet of Kamikan (around neck) {+Inv rPois rC+++ MR- Regen+}
   (You bought it in a shop on level 14 of the Dungeon)

   [amulet of regeneration]

   It renders you almost immune to cold.
   It protects you from poison.
   It affects your resistance to hostile enchantments.
   It lets you turn invisible.
   It increases your rate of regeneration.
 M - a ring of positive energy (right hand)
 T - a +5 ring of intelligence
Wands
 v - a wand of paralysis (10/24)
Scrolls
 b - 3 scrolls of amnesia
 d - 2 scrolls of fear
 e - 19 scrolls of identify
 g - 5 scrolls of recharging
 l - 13 scrolls of remove curse
 z - 3 scrolls of teleportation
 E - a scroll of enchant armour
 K - 3 scrolls of magic mapping
 N - 5 scrolls of silence
 S - 5 scrolls of fog
Potions
 a - 4 potions of might
 c - a potion of cancellation
 j - 8 potions of lignification
 m - 3 potions of flight
 q - 4 potions of curing
 B - 2 potions of magic
 D - 3 potions of agility
 H - 2 potions of brilliance
 L - 2 potions of heal wounds
Books
 p - a book of Callings

   Spells                             Type                      Level
   a - Summon Small Mammal            Summoning                    1
   b - Call Imp                       Summoning                    2
   c - Call Canine Familiar           Summoning                    3
   d - Summon Guardian Golem          Hexes/Summoning              3
   e - Summon Lightning Spire         Summoning/Air                4
   f - Summon Ice Beast               Ice/Summoning                4
 t - a book of Debilitation

   Spells                             Type                      Level
   a - Corona                         Hexes                        1
   b - Slow                           Hexes                        2
   c - Inner Flame                    Hexes/Fire                   3
   d - Portal Projectile              Hexes/Translocation          3
   e - Cause Fear                     Hexes                        4
   f - Leda's Liquefaction            Hexes/Earth                  4
 u - Viwnub's Compendium of Flight and Dark Rituals
   (You found it on level 1 of the Vaults)

   Spells                             Type                      Level
   a - Shock                          Conjuration/Air              1
   b - Animate Skeleton               Necromancy                   1
   c - Swiftness                      Charms/Air                   2
   d - Airstrike                      Air                          4
   e - Conjure Ball Lightning         Conjuration/Air              6
   f - Death Channel                  Necromancy                   6
 w - a book of Fire

   Spells                             Type                      Level
   a - Ignite Poison                  Fire/Transmutation/Poison    3
   b - Fireball                       Conjuration/Fire             5
   c - Bolt of Fire                   Conjuration/Fire             6
   d - Ring of Flames                 Charms/Fire                  7
   e - Ignition                       Fire                         8
 y - a book of Beasts

   Spells                             Type                      Level
   a - Summon Butterflies             Summoning                    1
   b - Call Canine Familiar           Summoning                    3
   c - Summon Ice Beast               Ice/Summoning                4
   d - Summon Mana Viper              Hexes/Summoning              5
   e - Summon Hydra                   Summoning                    7
 O - a book of Changes

   Spells                             Type                      Level
   a - Beastly Appendage              Transmutation                1
   b - Sticks to Snakes               Transmutation                2
   c - Spider Form                    Transmutation/Poison         3
   d - Ice Form                       Ice/Transmutation            4
   e - Blade Hands                    Transmutation                5
 P - a book of the Sky

   Spells                             Type                      Level
   a - Summon Lightning Spire         Summoning/Air                4
   b - Silence                        Hexes/Air                    5
   c - Deflect Missiles               Charms/Air                   6
   d - Conjure Ball Lightning         Conjuration/Air              6
   e - Tornado                        Air                          9
 Z - a Young Poisoner's Handbook

   Spells                             Type                      Level
   a - Sting                          Conjuration/Poison           1
   b - Poisonous Vapours              Poison/Air                   2
   c - Mephitic Cloud                 Conjuration/Poison/Air       3
   d - Olgreb's Toxic Radiance        Poison                       4
   e - Venom Bolt                     Conjuration/Poison           5
Miscellaneous
 o - a phantom mirror
Comestibles
 f - 13 bread rations
 h - 33 fruits
 i - 11 royal jellies
 k - 24 meat rations
 A - 25 chunks of flesh


   Skills:
 + Level 21.2(26.2) Fighting
 - Level 14.2(19.2) Long Blades
   Level 16.0(21.0) Axes
 * Level 18.9(23.9) Armour
 - Level 11.2(16.2) Dodging
 - Level 8.7(13.7) Shields
 - Level 10.1 Invocations


You had 19 spell levels left.
You didn't know any spells.

Dungeon Overview and Level Annotations

Branches:
Dungeon (15/15)            Temple (1/1) D:4            Lair (6/6) D:8
  Swamp (4/4) Lair:2        Snake (0/4) Lair:4        Slime (0/5) Lair:6
    Orc (2/2) D:10            Elf (0/3) Orc:2        Vaults (3/5) D:14
  Crypt (0/3) Vaults:2     Depths (0/5) D:15

Altars:
Ashenzari
Cheibriados
Dithmenos
Elyvilon
Fedhas
Gozag
Hepliaklqana
Kikubaaqudgha
Makhleb
Nemelex Xobeh
Okawaru
Qazlal
Ru
Sif Muna
Trog
Uskayaw
Vehumet
Xom
Yredelemnul
Zin
The Shining One
Beogh
Jiyva

Shops:
D:5 [   D:9 [:   D:12 !   D:14 =   Orc:2 (*[   Vaults:1 !


Innate Abilities, Weirdness & Mutations

You are clumsy. (Dex -2)
You are somewhat resistant to further mutation.


Message History

You hit the vault warden. You burn the vault warden.
The vault warden is lightly wounded.
The vault warden hits you with a long sword!!
* * * LOW HITPOINT WARNING * * *
You slice the vault warden!! You burn the vault warden!
The vault warden is moderately wounded.
The deep troll bites you!
* * * LOW HITPOINT WARNING * * *
The deep troll claws you but does no damage.
The deep troll claws you!
* * * LOW HITPOINT WARNING * * *
You completely miss the vault warden.
The vault warden is moderately wounded.
Okay, then.
The deep troll closely misses you. You block the deep troll's attack.
The deep troll claws you!!
* * * LOW HITPOINT WARNING * * *
The vault warden activates a sealing rune.
The deep troll bites you!!
You die...

#.......#
#.......#
#.......#
######+###
#......#
#......#
#..##p†#
#.#T)#)#
#.#@p#p#
#..##.p....
#.. ....#..
#.........
######.....
#.#...
#...#.


You could see a vault warden, a deep troll and 2 vault sentinels.

Vanquished Creatures
  Frederick (Vaults:1)
  the Lernaean hydra (Swamp:4)
  Jorgrun (Swamp:2)
  2 liches (Vaults:1)
  Rupert (Lair:5)
  3 sphinxes
  4 thorn hunters
  The ghost of letownia the Black Belt, an adept OpTm of Gozag (Swamp:2)
  Kirke (D:13)
  A tengu reaver (Vaults:1)
  7 vault wardens
  An orc warlord (Orc:1)
  9 ironheart preservers
  2 stone giants (Vaults:1)
  A vampire knight (Vaults:2)
  Azrael (D:15)
  2 ettins
  Snorg (Lair:3)
  A minotaur (Lab)
  3 great orbs of eyes (Vaults:2)
  5 yaktaur captains
  Harold (Lair:2)
  22 vault guards
  5 ice dragons
  3 rakshasas
  21 hydras
  A ghost crab (Swamp:3)
  An anaconda (Swamp:1)
  8 centaur warriors
  6 alligators
  A death knight (Vaults:1)
  2 deep troll shamans
  Erica (D:8)
  10 death yaks
  23 two-headed ogres
  6 ogre magi
  A deep troll earth mage (Vaults:1)
  2 orc high priests (Orc:2)
  4 tengu warriors (D:15)
  2 deep elf knights (Vaults:2)
  3 skeletal warriors
  Nergalle (Lair:4)
  2 shadow wraiths
  4 unseen horrors
  3 spriggan druids
  A flayed ghost (Vaults:2)
  18 swamp dragons
  A lindwurm (Lair:6)
  4 deep trolls
  4 shambling mangroves
  A wizard (Vaults:3)
  8 orc knights
  2 necromancers
  2 anaconda skeletons (Volcano)
  9 ironbrand convokers
  2 wolf spiders
  A human zombie (Vaults:2)
  6 deep elf magi
  2 orc sorcerers (Orc:2)
  19 ugly things
  A sphinx skeleton (Vaults:1)
  A tengu skeleton (Vaults:2)
  A moth of wrath (shapeshifter) (Vaults:2)
  3 centaur zombies
  7 cyclopes
  14 black mambas
  10 elephants (Lair:6)
  20 spiny frogs
  Maurice (D:10)
  3 gargoyles (Volcano)
  6 torpor snails
  10 vault sentinels
  9 rime drakes
  2 kobold demonologists (D:12)
  8 komodo dragons
  8 yaktaurs
  A yaktaur skeleton (Vaults:2)
  4 freezing wraiths
  3 meliai (D:15)
  2 tengu conjurers (D:15)
  5 trolls
  22 slime creatures
  9 polar bears (Lair:6)
  11 bog bodies
  6 tyrant leeches
  34 hornets
  12 hippogriffs
  26 blink frogs
  2 raiju (Lair:6)
  A human simulacrum (Vaults:2)
  5 dream sheep (Lair:6)
  2 flying skulls (Volcano)
  Sigmund (D:5)
  An alligator skeleton (Volcano)
  3 shadows
  64 yaks
  6 wyverns
  5 wraiths
  14 spriggans
  2 hogs (D:13)
  3 vampires
  A fire bat (shapeshifter) (D:13)
  5 fire elementals
  3 hungry ghosts
  5 vampire mosquitoes
  A basilisk (Lair:2)
  11 insubstantial wisps
  Menkaure (D:5)
  5 steam dragons (Lair:2)
  A yaktaur simulacrum (Vaults:1)
  8 wargs
  18 swamp worms
  4 acid dragons
  18 water moccasins
  2 nagas (Lair:4)
  17 hell hounds
  16 porcupines
  2 phantoms
  36 orc warriors
  4 sky beasts
  5 ice beasts
  12 black bears
  A necrophage (D:5)
  8 swamp drakes
  2 ettin simulacra
  2 eyes of draining
  An eye of draining (shapeshifter) (D:13)
  16 boggarts
  11 crocodiles
  35 wolves
  15 centaurs
  2 human skeletons (Vaults:1)
  28 ogres
  19 bullfrogs
  A yaktaur zombie (Vaults:1)
  5 big kobolds
  A wyvern zombie (D:14)
  A glowing shapeshifter simulacrum (Vaults:2)
  6 scorpions
  A troll skeleton (Volcano)
  10 killer bees
  A spriggan skeleton (Volcano)
  9 wights
  A howler monkey (D:4)
  2 bullfrog zombies
  7 crimson imps
  10 hounds
  A jelly (D:8)
  A lava snake (Lair:4)
  4 quasits
  2 bullfrog skeletons
  12 orc priests
  Crazy Yiuf (D:4)
  2 centaur skeletons
  22 orc wizards
  3 iguanas
  Ijyb (D:5)
  14 worker ants
  A hound zombie (D:9)
  A hound skeleton (D:7)
  A worker ant zombie (D:5)
  A howler monkey skeleton (D:6)
  10 adders
  3 river rats (Sewer)
  4 shadow imps
  3 white imps (Lair:6)
  An ooze (D:3)
  A worm (D:5)
  A dart slug (D:1)
  4 leopard geckos
  51 orcs
  6 ball pythons
  2 giant cockroaches (D:6)
  4 goblins (D:1)
  8 hobgoblins
  7 jackals (D:3)
  9 kobolds
  4 quokkas
  7 bats
  15 frilled lizards
  2 leopard gecko skeletons
  A quokka skeleton (D:4)
  23 rats
  A briar patch (Swamp:4)
  2 fungi (D:8)
  2 plants (Lair:6)
1218 creatures vanquished.

Vanquished Creatures (others)
  A spriggan druid (Swamp:1)
  A hornet (Swamp:2)
  A flying skull (Volcano)
  A spriggan (Swamp:3)
  A vampire (Vaults:2)
  A steam dragon (Lair:2)
  A swamp worm (Swamp:2)
  A swamp drake (Swamp:1)
  A centaur (Vaults:2)
  A boggart (Vaults:2)
  An orc (Vaults:2)
  A kobold (D:2)
  3 briar patches (Swamp:2)
  A bush (Lair:6)
  89 fungi
  58 plants
163 creatures vanquished.

Grand Total: 1381 creatures vanquished

Notes
Turn   | Place    | Note
-------+----------+-------------------------------------------
     0 | D:1      | Kriby the Hill Orc Fighter began the quest for the Orb.
     0 | D:1      | Reached XP level 1. HP: 19/19 MP: 1/1
   127 | D:1      | Reached XP level 2. HP: 26/27 MP: 2/2
   262 | D:1      | Reached skill level 4 in Fighting
   537 | D:1      | Reached XP level 3. HP: 33/33 MP: 3/3
   826 | D:2      | Found a glowing golden altar of the Shining One.
  1039 | D:2      | Found a basalt altar of Yredelemnul.
  1422 | D:2      | Reached XP level 4. HP: 33/41 MP: 4/4
  1511 | D:2      | Found a glowing silver altar of Zin.
  1575 | D:3      | Reached skill level 5 in Axes
  1739 | D:3      | Reached XP level 5. HP: 47/47 MP: 5/5
  1770 | D:3      | Reached skill level 5 in Fighting
  2143 | D:3      | Found a white marble altar of Elyvilon.
  2367 | D:4      | Reached XP level 6. HP: 49/56 MP: 6/6
  2876 | D:4      | Found a staircase to the Ecumenical Temple.
  2893 | Temple   | Entered the Ecumenical Temple
  3177 | D:4      | Found a runed door.
  3627 | D:4      | Noticed Crazy Yiuf
  3634 | D:4      | Killed Crazy Yiuf
  3796 | D:5      | Entered Level 5 of the Dungeon
  3812 | D:5      | Noticed Ijyb
  3825 | D:5      | Killed Ijyb
  4181 | D:5      | Noticed Menkaure
  4190 | D:5      | Killed Menkaure
  4190 | D:5      | Reached skill level 6 in Fighting
  4190 | D:5      | Reached XP level 7. HP: 22/63 MP: 1/7
  4492 | D:5      | Found a shadowy altar of Dithmenos.
  4502 | D:5      | Found Wodghim's Armour Shoppe.
  4505 | D:5      | Bought a +0 pair of gloves of dexterity for 138 gold pieces
  4688 | D:5      | Noticed Sigmund
  4694 | D:5      | Killed Sigmund
  4748 | D:5      | Found an iron altar of Okawaru.
  4778 | D:5      | Became a worshipper of Warmaster Okawaru
  4936 | D:5      | Reached skill level 7 in Fighting
  4981 | D:6      | Found a glowing drain.
  4998 | Sewer    | Entered a sewer
  5365 | D:6      | Reached XP level 8. HP: 56/72 MP: 6/8
  5368 | D:6      | Reached * piety under Okawaru
  5368 | D:6      | Reached skill level 10 in Axes
  6118 | D:7      | Reached skill level 8 in Fighting
  6179 | D:7      | Reached ** piety under Okawaru
  6182 | D:7      | Gained mutation: You are clumsy. (Dex -2) [mutagenic meat]
  6183 | D:7      | Gained mutation: You are somewhat resistant to further mutation. [mutagenic meat]
  6232 | D:7      | Noticed a hippogriff
  6246 | D:7      | Killed a hippogriff
  6246 | D:7      | Reached XP level 9. HP: 51/81 MP: 6/9
  6555 | D:7      | Reached skill level 9 in Fighting
  6637 | D:7      | Reached *** piety under Okawaru
  6697 | D:7      | Noticed a troll
  6708 | D:7      | Killed a troll
  7166 | D:7      | Found a radiant altar of Vehumet.
  7175 | D:7      | Found an ancient bone altar of Kikubaaqudgha.
  7187 | D:7      | Found a deep blue altar of Sif Muna.
  7227 | D:8      | Noticed a two-headed ogre
  7249 | D:8      | Reached skill level 10 in Fighting
  7660 | D:8      | Reached XP level 10. HP: 72/92 MP: 10/10
  7828 | D:8      | Noticed Erica
  7829 | D:8      | Reached **** piety under Okawaru
  7829 | D:8      | Received a gift from Okawaru
  8166 | D:8      | Found a staircase to the Lair.
  8314 | D:8      | Reached skill level 15 in Axes
  8589 | D:8      | Killed Erica
  8589 | D:8      | Reached skill level 11 in Fighting
  8613 | D:8      | Noticed a two-headed ogre
  8617 | D:8      | Killed a two-headed ogre
  8617 | D:8      | Reached ***** piety under Okawaru
  8732 | D:8      | Killed a two-headed ogre
  8732 | D:8      | Reached skill level 1 in Dodging
  8732 | D:8      | Reached XP level 11. HP: 96/103 MP: 8/11
  8753 | Lair:1   | Entered Level 1 of the Lair of Beasts
  8791 | Lair:1   | Reached skill level 5 in Armour
  8819 | Lair:1   | Found a dark tunnel.
  8828 | Volcano  | Entered a volcano
  9185 | Volcano  | Noticed a skeletal warrior
  9207 | Volcano  | Killed a skeletal warrior
  9207 | Volcano  | Received a gift from Okawaru
  9207 | Volcano  | Reached skill level 12 in Fighting
  9657 | Volcano  | Noticed a skeletal warrior
  9685 | Volcano  | Killed a skeletal warrior
 11279 | Lair:1   | Reached ****** piety under Okawaru
 11680 | Lair:2   | Noticed Harold
 11698 | Lair:2   | Reached skill level 1 in Invocations
 11698 | Lair:2   | Reached XP level 12. HP: 105/112 MP: 6/12
 11719 | Lair:2   | Killed Harold
 11808 | Lair:2   | Received a gift from Okawaru
 12150 | Lair:2   | HP: 7/168 [poisoned by a swamp dragon (blast of poison)]
 12154 | Lair:2   | Reached skill level 13 in Fighting
 12154 | Lair:2   | Reached skill level 1 in Long Blades
 12677 | Lair:2   | Found a staircase to the Swamp.
 12705 | Lair:2   | Identified the +2 leather armour "Vewni Ikhloc" {rPois rC++ rCorr Str-2} (You found it on level 2 of the Lair of Beasts)
 13728 | Lair:2   | Reached skill level 5 in Long Blades
 13977 | Lair:2   | Identified the +7 halberd "Spider's Bane" {protect, rElec rN+ MP+9 Str+3} (You found it on level 2 of the Lair of Beasts)
 14332 | Lair:2   | Received a gift from Okawaru
 14427 | Lair:3   | Noticed Snorg
 15162 | Lair:3   | Killed Snorg
 15713 | Lair:3   | Noticed a five-headed hydra
 15727 | Lair:3   | Killed a one-headed hydra
 15727 | Lair:3   | Reached XP level 13. HP: 122/122 MP: 15/15
 16002 | Lair:4   | Reached skill level 10 in Long Blades
 16119 | Lair:4   | Received a gift from Okawaru
 16967 | Lair:4   | Found a staircase to the Snake Pit.
 16975 | Lair:4   | Noticed Nergalle
 16990 | Lair:4   | Killed Nergalle
 17364 | Lair:4   | Identified the +9 dagger "Zyklik" {pierce, SInv} (You found it on level 4 of the Lair of Beasts)
 18223 | Lair:5   | Noticed Rupert
 18248 | Lair:5   | Killed Rupert
 18524 | Lair:5   | Received a gift from Okawaru
 18858 | Lair:5   | Reached XP level 14. HP: 116/129 MP: 13/16
 19477 | Lair:5   | Reached skill level 10 in Armour
 19637 | Lair:6   | Entered Level 6 of the Lair of Beasts
 19700 | Lair:6   | Reached skill level 5 in Dodging
 19704 | Lair:6   | Reached skill level 5 in Invocations
 20336 | Lair:6   | Received a gift from Okawaru
 20337 | Lair:6   | Got a steaming buckler {god gift}
 20339 | Lair:6   | Identified the +1 buckler of the Bells {Str+5} (Okawaru gifted it to you on level 6 of the Lair of Beasts)
 22256 | Lair:6   | Paralysed by a hornet for 3 turns
 22380 | Lair:6   | Paralysed by a hornet for 1 turns
 22381 | Lair:6   | Received a gift from Okawaru
 22381 | Lair:6   | Reached XP level 15. HP: 86/137 MP: 20/20
 22556 | Lair:6   | Found a runed door.
 22629 | Lair:6   | Reached skill level 14 in Fighting
 24384 | Lair:6   | Found a viscous altar of Jiyva.
 24384 | Lair:6   | Found a staircase to the Slime Pits.
 24991 | D:9      | Found a blossoming altar of Fedhas.
 25288 | D:9      | Found Yjutuag's Book Emporium.
 25393 | D:9      | Found Sekh's Armour Boutique.
 25398 | D:9      | Bought a +2 helmet of see invisible for 279 gold pieces
 25697 | D:10     | Entered Level 10 of the Dungeon
 25888 | D:10     | Noticed Maurice
 25893 | D:10     | Killed Maurice
 26048 | D:10     | Found a staircase to the Orcish Mines.
 26301 | D:11     | Found a shimmering altar of Xom.
 27225 | D:12     | Received a gift from Okawaru
 27427 | D:12     | Found Vooxayl's Distillery.
 27435 | D:12     | Found a labyrinth entrance.
 27452 | Lab      | Entered a labyrinth
 27624 | Lab      | Identified the Guide on the Blaze and Companions
 29036 | D:13     | Noticed Kirke
 29048 | D:13     | Killed Kirke
 29186 | D:13     | Reached skill level 10 in Invocations
 29547 | D:13     | Found a hazy altar of Hepliaklqana.
 29913 | D:14     | Reached XP level 16. HP: 147/147 MP: 23/23
 29961 | D:14     | Found Moqabbo Ujor's Jewellery Emporium.
 29972 | D:14     | Bought the amulet of Kamikan {+Inv rPois rC+++ MR- Regen+} for 1264 gold pieces
 30046 | D:14     | Received a gift from Okawaru
 30179 | D:14     | Reached skill level 15 in Fighting
 30629 | D:14     | Found a gate to the Vaults.
 30835 | D:15     | Entered Level 15 of the Dungeon
 30836 | D:15     | Found a glowing golden altar of the Shining One.
 31032 | D:15     | Noticed Azrael
 31062 | D:15     | Killed Azrael
 31261 | D:15     | Identified the +0 robe of Monotheism {rPois rN+} (You found it on level 15 of the Dungeon)
 31398 | D:15     | Reached skill level 15 in Armour
 31444 | D:15     | Received a gift from Okawaru
 31453 | D:15     | Got a distressingly furry buckler {god gift}
 31457 | D:15     | Identified the +2 buckler of Taogos {Regen+ Str+2} (Okawaru gifted it to you on level 15 of the Dungeon)
 31788 | D:15     | Found a staircase to the Depths.
 32364 | Swamp:1  | Entered Level 1 of the Swamp
 32378 | Swamp:1  | Paralysed by a hornet for 3 turns
 32398 | Swamp:1  | Reached skill level 16 in Fighting
 32607 | Swamp:1  | Reached XP level 17. HP: 87/158 MP: 24/24
 32722 | Swamp:1  | Reached skill level 5 in Shields
 33163 | Swamp:1  | Received a gift from Okawaru
 34002 | Swamp:2  | Noticed Jorgrun
 34018 | Swamp:2  | Killed Jorgrun
 34718 | Swamp:2  | Noticed letownia's ghost (adept OpTm)
 34771 | Swamp:2  | Killed letownia's ghost
 35138 | Swamp:3  | Paralysed by a hornet for 1 turns
 35495 | Swamp:3  | Received a gift from Okawaru
 35519 | Swamp:3  | Reached skill level 17 in Fighting
 36075 | Swamp:4  | Entered Level 4 of the Swamp
 36389 | Swamp:4  | Reached skill level 10 in Dodging
 36839 | Swamp:4  | Reached XP level 18. HP: 121/170 MP: 25/25
 36973 | Swamp:4  | Noticed the 27-headed Lernaean hydra
 36974 | Swamp:4  | Received a gift from Okawaru
 36987 | Swamp:4  | Killed the 21-headed Lernaean hydra
 37137 | Swamp:4  | Got a decaying rune of Zot
 37740 | Orc:1    | Entered Level 1 of the Orcish Mines
 37796 | Orc:2    | Entered Level 2 of the Orcish Mines
 37945 | Orc:2    | Found Reanuqea's Jewellery Boutique.
 38026 | Orc:2    | Found Anacap's Antique Weapon Boutique.
 38227 | Orc:2    | Found a staircase to the Elven Halls.
 38362 | Orc:2    | Found Quklu's Antique Armour Boutique.
 38466 | Orc:2    | Found Lups's General Store.
 38589 | Orc:2    | Bought the +4 pair of boots of the Sacrificial Victim {*Contam MR+ Int+4} for 678 gold pieces
 38718 | Orc:2    | Found a roughly hewn altar of Beogh.
 38987 | Vaults:1 | Entered Level 1 of the Vaults
 39444 | Vaults:1 | Reached skill level 18 in Fighting
 39501 | Vaults:1 | Received a gift from Okawaru
 39631 | Vaults:1 | Noticed a lich
 39638 | Vaults:1 | Killed a lich
 39685 | Vaults:1 | Reached XP level 19. HP: 102/179 MP: 26/26
 39868 | Vaults:1 | HP: 6/179 [tengu reaver/dire flail (5)]
 40285 | Vaults:1 | Identified Viwnub's Compendium of Flight and Dark Rituals
 40520 | Vaults:1 | Found Amniumul's Distillery.
 40536 | Vaults:1 | Bought a potion of curing for 48 gold pieces
 40536 | Vaults:1 | Bought a potion of heal wounds for 80 gold pieces
 40536 | Vaults:1 | Bought a potion of curing for 48 gold pieces
 40536 | Vaults:1 | Bought a potion of curing for 48 gold pieces
 40536 | Vaults:1 | Bought a potion of haste for 160 gold pieces
 40825 | Vaults:1 | Reached skill level 19 in Fighting
 41055 | Vaults:2 | Received a gift from Okawaru
 41058 | Vaults:2 | Paralysed by a great orb of eyes for 5 turns
 41105 | Vaults:2 | Noticed a lich
 41296 | Vaults:1 | Killed a lich
 41431 | Vaults:2 | Reached skill level 20 in Fighting
 41625 | Vaults:2 | Received a gift from Okawaru
 41641 | Vaults:2 | Noticed Frederick
 41653 | Vaults:2 | HP: 7/187 [spellforged servitor/iron shot[Frederick] (8)]
 41655 | Vaults:2 | HP: 3/187 [orc knight/bolt (7)]
 41850 | Vaults:2 | Paralysed by a sphinx for 4 turns
 42073 | Vaults:1 | Killed Frederick
 42090 | Vaults:1 | Received a gift from Okawaru
 42202 | Vaults:2 | Reached skill level 21 in Fighting
 42469 | Vaults:2 | Found a staircase to the Crypt.
 43051 | Vaults:2 | Reached XP level 20. HP: 198/198 MP: 27/27
 43397 | Vaults:3 | Mangled by a deep troll

Skill      XL: |  1  2  3  4  5  6  7  8  9 10 11 12 13 14 15 16 17 18 19 |
---------------+----------------------------------------------------------+-----
Axes           | 3 4 5 6 8 9 11 14 16 | 16.0
Fighting       | 4 5 6 7 8 10 11 12 13 14 16 17 18 21 | 21.2
Armour         | 4 8 9 12 13 15 16 18 | 18.9
Dodging        | 1 4 6 7 8 10 11 | 11.2
Invocations    | 1 3 7 10 | 10.1
Long Blades    | 9 14 | 14.2
Shields        | 4 8 |  8.7

Action                   |  1- 3 |  4- 6 |  7- 9 | 10-12 | 13-15 | 16-18 | 19-21 || total
-------------------------+-------+-------+-------+-------+-------+-------+-------++-------
Melee: War axe           |   104 |   131 |   348 |   325 |       |       |       ||   908
       Demon blade       |       |       |       |   229 |  1560 |  1941 |   645 ||  4375
       Punch             |       |       |       |     1 |       |       |       ||     1
Invok: Heroism           |       |       |       |     6 |     8 |     6 |     5 ||    25
       Finesse           |       |       |       |     2 |     7 |     9 |     5 ||    23
Evoke: Wand              |       |     4 |     3 |    26 |     3 |     4 |     1 ||    41
  Use: Scroll            |       |     8 |     3 |     9 |    12 |    12 |    10 ||    54
       Potion            |       |     1 |     2 |    12 |     7 |     8 |     4 ||    34
 Stab: Invisible         |       |     1 |       |       |       |       |       ||     1
       Confused          |       |       |       |     3 |     3 |     1 |       ||     7
  Eat: Chunk             |     5 |    15 |     6 |    16 |    35 |    28 |     8 ||   113
       Fruit             |       |       |       |     8 |       |     1 |       ||     9
       Bread ration      |       |       |       |     2 |     3 |     1 |     1 ||     7
Armor: Scale mail        |    43 |    28 |       |       |       |       |       ||    71
       Plate armour      |       |    24 |    51 |       |       |       |       ||    75
       Fire dragon scale |       |       |   151 |   218 |   479 |   752 |   195 ||  1795
       Skin              |       |       |       |     4 |       |       |       ||     4
       Gold dragon scale |       |       |       |       |       |       |   126 ||   126
Dodge: Dodged            |    31 |    33 |    91 |   229 |   498 |   862 |   348 ||  2092
Block: Shield            |    51 |    59 |   163 |   179 |   726 |   106 |       ||  1284
       Reflection        |       |       |       |       |     9 |       |       ||     9
       Buckler           |       |       |       |       |       |   500 |   213 ||   713
       Rpst.: Demon blade |       |       |       |    33 |   128 |   198 |    78 ||   437
